 Dungeon Crawl Stone Soup version 0.28.0-53-g5a82cb258f (webtiles) character file.

Game seed: 12441230254629105385

172830 Kranky the Thrower (level 18, 0/184 HPs)
             Began as a Gnoll Wanderer on June 17, 2022.
             Was the Champion of Elyvilon.
             Slain by a ghost moth (12 damage)
             ... on level 4 of the Spider Nest.
             The game lasted 01:53:25 (41665 turns).

Kranky the Thrower (Gnoll Wanderer)                Turns: 41665, Time: 01:53:25

Health: 0/184      AC: 31    Str: 18 (20) XL:     18   Next: 4%
Magic:  0/44       EV:  7    Int:  8 (10) God:    Elyvilon [******]
Gold:   2911       SH: 15    Dex:  5 (13) Spells: 41/41 levels left

rFire   + + .      SeeInvis .   h - +3 Elemental Staff {rElec rF++ rC++ AC+5}
rCold   + + +      Faith    .   F - +0 kite shield
rNeg    . . .      Spirit   .   N - +4 plate armour "Efacaug" {+Blink rC+ Regen+}
rPois   +          Reflect  +   R - +1 helmet "Simmaoq" {Slay+5}
rElec   +          Harm     .   J - +0 cloak
rCorr   .          Rampage  .   d - +0 pair of gloves
Will    ++...                   W - +0 pair of boots
Stlth   ..........              y - amulet of reflection
HPRegen 1.20/turn               Y - ring of willpower
MPRegen 0.29/turn               B - ring of poison resistance

@: divinely vigorous
A: fangs 1, strong nose, distributed training
a: Renounce Religion, Evoke Blink, Purification, Heal Other, Heal Self, Divine
Vigour


You were on level 4 of the Spider Nest.
You worshipped Elyvilon.
Elyvilon was exalted by your worship.
You visited 4 branches of the dungeon, and saw 27 of its levels.
You also visited: Ice Cave.

You collected 3223 gold pieces.
You spent 312 gold pieces at shops.

Inventory:

Hand Weapons
 h - the +3 Elemental Staff (weapon) {rElec rF++ rC++ AC+5}
   (You took it off a deep elf pyromancer on level 10 of the Dungeon)

   If the wielder is skilled in Evocations, they can discharge powerful blasts
   of elemental energy when striking with it.
   It enhances your fire, ice, earth and air magic.
   AC:        It affects your AC (+5).
   rF:        It greatly protects you from fire.
   rC:        It greatly protects you from cold.
   rElec:     It insulates you from electricity.
 w - the +3 long sword "Anyollen" {elec, rPois Str+6 Dex-3}
   (You found it on level 12 of the Dungeon)

   It occasionally discharges a powerful burst of electricity upon striking a
   foe.
   Str:       It affects your strength (+6).
   Dex:       It affects your dexterity (-3).
   rPois:     It protects you from poison.
Missiles
 b - 8 curare-tipped darts
 l - 35 poisoned darts (quivered)
Armour
 d - a +0 pair of gloves (worn)
 m - a +4 chain mail of willpower
 F - a +0 kite shield (worn)
 J - a +0 cloak (worn)
 N - the +4 plate armour "Efacaug" (worn) {+Blink rC+ Regen+}
   (You found it on level 2 of the Lair of Beasts)

   rC:        It protects you from cold.
   +Blink:    It lets you blink.
   Regen:     It increases your rate of health regeneration.
 R - the +1 helmet "Simmaoq" (worn) {Slay+5}
   (You found it on level 5 of the Lair of Beasts)

   Slay:      It affects your accuracy & damage with ranged weapons and melee
   (+5).
 W - a +0 pair of boots (worn)
Jewellery
 g - an amulet of regeneration
 y - an amulet of reflection (around neck)
 z - an amulet of guardian spirit
 A - a ring of resist corrosion
 B - a ring of poison resistance (right hand)
 Y - a ring of willpower (left hand)
Wands
 a - a wand of paralysis (10)
 p - a wand of polymorph (4)
 G - a wand of digging (6)
 I - a wand of mindburst (17)
 O - a wand of iceblast (34)
 V - a wand of acid (6)
Scrolls
 c - 7 scrolls of magic mapping
 f - 4 scrolls of teleportation
 i - 2 scrolls of fog
 n - 4 scrolls of blinking
 o - 6 scrolls of immolation
 r - 3 scrolls of torment {unknown}
 u - a scroll of amnesia
 v - 7 scrolls of fear
 C - 2 scrolls of identify
 D - a scroll of vulnerability {unknown}
 E - 7 scrolls of enchant weapon
 P - a scroll of summoning {unknown}
 S - 2 scrolls of enchant armour
 U - a scroll of acquirement {unknown}
Potions
 e - 9 potions of brilliance
 j - 7 potions of curing
 k - 4 potions of lignification
 q - 4 potions of attraction
 s - 6 potions of flight
 t - a potion of berserk rage
 x - 4 potions of might
 H - 2 potions of ambrosia
 L - 4 potions of cancellation
 M - 2 potions of heal wounds
 Q - a potion of haste
Miscellaneous
 K - a lightning rod (4/4)


   Skills:
 + Level 12.9 Fighting
 + Level 12.1 Short Blades
 + Level 12.1 Long Blades
 + Level 12.1 Axes
 + Level 12.1 Maces & Flails
 + Level 12.9 Polearms
 + Level 12.1 Staves
 + Level 12.1 Slings
 + Level 12.1 Bows
 + Level 12.1 Crossbows
 + Level 14.5 Throwing
 + Level 12.1 Armour
 + Level 12.9 Dodging
 + Level 12.1 Stealth
 + Level 12.1 Shields
 + Level 12.1 Unarmed Combat
 + Level 12.1 Spellcasting
 + Level 10.2 Conjurations
 + Level 10.2 Hexes
 + Level 10.2 Summonings
 + Level 10.2 Necromancy
 + Level 10.2 Translocations
 + Level 10.2 Transmutations
 + Level 10.2 Fire Magic
 + Level 10.2 Ice Magic
 + Level 10.2 Air Magic
 + Level 10.2 Earth Magic
 + Level 10.2 Poison Magic
 + Level 13.1 Invocations
 + Level 12.1 Evocations


You had 41 spell levels left.
You didn't know any spells.
Your spell library contained the following spells:

 Spells                   Type           Power      Damage    Failure   Level
 Animate Skeleton         Necr           42%        N/A       7%          1
 Magic Dart               Conj           84%        1d7       7%          1
 Pain                     Necr           84%        1d8       7%          1
 Shock                    Conj/Air       100%       1d9       7%          1
 Call Imp                 Summ           21%        N/A       11%         2
 Conjure Flame            Conj/Fire      31%        6-21      22%         3
 Ignite Poison            Fire/Tmut/Pois 31%        N/A       22%         3
 Mephitic Cloud           Conj/Pois/Air  31%        N/A       22%         3
 Swiftness                Air            31%        N/A       22%         3
 Vampiric Draining        Necr           21%        2d7       22%         3
 Airstrike                Air            15%        N/A       56%         4
 Sticky Flame             Conj/Fire      31%        2d5       56%         4
 Alistair's Intoxication  Tmut/Pois      14%        N/A       89%         5
 Borgnjor's Vile Clutch   Necr/Erth      15%        N/A       89%         5
 Iskenderun's Battlesphe  Conj           21%        2d7       89%         5
 Eringya's Noxious Bog    Tmut/Pois      10%        N/A       100%        6
 Iron Shot                Conj/Erth      15%        9d4       100%        6
 Spellforged Servitor     Conj/Summ      10%        N/A       100%        7


Dungeon Overview and Level Annotations

Branches:
Dungeon (15/15)            Temple (0/1) D:4            Lair (6/6) D:10
 Shoals (0/4) Lair:3       Spider (4/4) Lair:4        Slime (0/5) Lair:6
    Orc (2/2) D:11            Elf (0/3) Orc:2        Vaults (0/5) D:14
 Depths (0/4) D:15          IceCv (visited)

Altars:
Ashenzari
Dithmenos
Elyvilon
Gozag
Hepliaklqana
Nemelex Xobeh
Okawaru
Trog
Uskayaw
Vehumet
Wu Jian
Xom
Yredelemnul
Zin
The Shining One
Beogh
Jiyva

Shops:
D:4 *(==   D:7 *   Orc:2 :**([


Innate Abilities, Weirdness & Mutations

You have very sharp teeth.
Your uncanny sense of smell can sniff out nearby items.
Your experience applies equally to all skills.


Message History

Something hits you!
* * * LOW HITPOINT WARNING * * *
Something hits you.
* * * LOW HITPOINT WARNING * * *
Something stings you but does no damage.
The spark wasp stings you!! Elyvilon protects you from harm!
The spark wasp shocks you. You resist. Elyvilon protects you from harm!
You feel much better. You block the wolf spider's attack.
The wolf spider bites you but does no damage.
You block the redback's attack. Something hits you.
* * * LOW HITPOINT WARNING * * *
Something hits you but does no damage. Something stings you.
* * * LOW HITPOINT WARNING * * *
You feel dopey.
The spark wasp stings you but does no damage.
The wolf spider hits you!
* * * LOW HITPOINT WARNING * * *
The wolf spider bites you but does no damage.
The redback bites you but does no damage.
You feel you are being watched by something.
You feel your power leaking away.
The spark wasp stings you but does no damage.
You block the spark wasp's attack.
You feel you are being watched by something.
You block something's attack. Something hits you but does no damage.
Something stings you.
* * * LOW HITPOINT WARNING * * *
You feel much better. You block the wolf spider's attack.
The wolf spider barely misses you.
The spark wasp stings you but does no damage.
The wolf spider hits you!
* * * LOW HITPOINT WARNING * * *
The wolf spider bites you but does no damage.
You feel you are being watched by something.
You feel your power leaking away. Something hits you but does no damage.
Something completely misses you. Something stings you!
You die...

...≈ . #^...≈##..
##... #≈..#^.....≈..
...≈ ###.^.(.^.....≈.
...##..###≈...##≈..##
≈..≈≈≈.###### #.###
#..≈≈≈ ### #.ss# ∆ ∆∆
#.s^## ∆ ∆ ##y@≈## ∆ #
##≈..## ∆#++#∆ ##
#≈...# ##..# #≈
###...≈## #...#####.
##.##.^^^###..##≈.#..
##.^≈≈≈....##..##....≈
#.^.≈≈≈#≈≈.^..^..≈...#
###≈≈#######.....#####
#### ###≈≈.#


You could see a spark wasp, a wolf spider and 2 redbacks.

Vanquished Creatures
  Gastronok (Lair:1)
  Kirke (Lair:4)
  3 emperor scorpions
  An orc warlord (Orc:1)
  A frost giant (IceCv)
  4 ghost moths
  A broodmother (Spider:2)
  5 entropy weavers
  2 spark wasps (Spider:3)
  Josephine (D:13)
  Snorg (D:11)
  4 ettins
  A yaktaur captain (D:14)
  11 hydras
  4 boulder beetles
  4 vault guards (D:14)
  2 radroaches
  7 centaur warriors
  The ghost of Telaeta the Carver, a journeyman DsGl of Qazlal (D:11)
  4 catoblepae
  6 two-headed ogres
  3 death knights
  A tengu warrior (D:15)
  21 death yaks
  Sonja (Lair:3)
  Urug (Orc:1)
  An orc high priest (Orc:2)
  7 pharaoh ants
  A skeletal warrior (D:15)
  9 steelbarb worms
  A sun moth (Spider:3)
  A deep troll (D:15)
  11 orb spiders
  7 orc knights
  2 wizards (D:15)
  2 deep elf pyromancers
  6 ugly things
  4 orc sorcerers
  18 wolf spiders
  2 cyclopes
  4 manticores
  2 spectral centaurs (D:11)
  3 moths of wrath
  11 elephants
  An ice statue (IceCv)
  7 black mambas
  3 gargoyles
  15 cane toads
  4 centaur zombies
  Maggie (D:7)
  5 torpor snails
  An unseen horror (D:12)
  A yaktaur (D:15)
  A kobold demonologist (D:13)
  7 demonic crawlers
  7 rime drakes
  An efreet (D:13)
  9 komodo dragons
  A freezing wraith (D:15)
  An ice devil (D:10)
  3 trolls
  7 meliai
  7 polar bears
  4 slime creatures
  17 tarantellas
  13 blink frogs
  7 dream sheep (Lair:4)
  3 centaur simulacra (D:11)
  26 jumping spiders
  7 wraiths
  20 culicivoras
  3 vampires
  6 wyverns
  7 basilisks
  85 yaks
  4 steam dragons
  5 hogs (Lair:4)
  55 redbacks
  3 fire elementals (D:10)
  5 wargs
  An acid dragon (D:8)
  22 water moccasins
  24 orc warriors
  5 ice beasts
  A sky beast (D:7)
  4 black bears
  A necrophage (D:5)
  37 wolves
  4 ogres
  4 centaurs
  2 phantoms
  2 kobold brigands
  16 bullfrogs
  A wyvern zombie (D:9)
  A gnoll sergeant (D:10)
  5 scorpions
  A water moccasin skeleton (D:5)
  21 killer bees
  4 wights (D:7)
  4 electric eels
  11 howler monkeys
  17 orc priests
  A hound (D:4)
  2 jellies
  3 centaur skeletons
  Terence (D:2)
  An iguana (D:7)
  16 orc wizards
  A killer bee zombie (D:9)
  A howler monkey skeleton (D:5)
  4 gnolls (D:10)
  4 adders
  2 white imps (D:7)
  A worm (D:2)
  70 orcs
  10 ball pythons
  4 endoplasms
  7 giant cockroaches
  16 goblins
  10 hobgoblins
  3 jackals
  12 kobolds
  2 quokkas
  A bat (D:1)
  5 frilled lizards
  4 rats
905 creatures vanquished.

Vanquished Creatures (others)
  A wizard (D:14)
  A shadow (D:13)
  31 fungi
  47 plants
80 creatures vanquished.

Grand Total: 985 creatures vanquished

Notes
Turn   | Place    | Note
-------+----------+-------------------------------------------
     0 | D:1      | Kranky the Gnoll Wanderer began the quest for the Orb.
     0 | D:1      | Kranky set off with the following items: a +0 vorpal
                  | dagger, 3 curare-tipped darts, a +0 spear, a +0 pair of
                  | gloves, a +0 leather armour
     0 | D:1      | Reached XP level 1. HP: 20/20 MP: 1/1
   234 | D:1      | Reached XP level 2. HP: 18/26 MP: 2/2
   776 | D:1      | Reached XP level 3. HP: 30/31 MP: 3/3
  1235 | D:2      | Reached skill level 1 in Invocations
  1299 | D:2      | Noticed Terence
  1517 | D:2      | Killed Terence
  1518 | D:2      | Reached skill level 1 in Short Blades
  1518 | D:2      | Reached skill level 1 in Long Blades
  1518 | D:2      | Reached skill level 1 in Axes
  1518 | D:2      | Reached skill level 1 in Maces & Flails
  1518 | D:2      | Reached skill level 1 in Staves
  1518 | D:2      | Reached skill level 1 in Slings
  1518 | D:2      | Reached skill level 1 in Bows
  1518 | D:2      | Reached skill level 1 in Crossbows
  1518 | D:2      | Reached skill level 1 in Armour
  1518 | D:2      | Reached skill level 1 in Stealth
  1518 | D:2      | Reached skill level 1 in Shields
  1518 | D:2      | Reached skill level 1 in Unarmed Combat
  1518 | D:2      | Reached skill level 1 in Spellcasting
  1518 | D:2      | Reached skill level 1 in Evocations
  1518 | D:2      | Reached XP level 4. HP: 33/38 MP: 5/5
  2370 | D:2      | Reached skill level 1 in Conjurations
  2370 | D:2      | Reached skill level 1 in Hexes
  2370 | D:2      | Reached skill level 1 in Summonings
  2370 | D:2      | Reached skill level 1 in Necromancy
  2370 | D:2      | Reached skill level 1 in Translocations
  2370 | D:2      | Reached skill level 1 in Transmutations
  2370 | D:2      | Reached skill level 1 in Fire Magic
  2370 | D:2      | Reached skill level 1 in Ice Magic
  2370 | D:2      | Reached skill level 1 in Air Magic
  2370 | D:2      | Reached skill level 1 in Earth Magic
  2370 | D:2      | Reached skill level 1 in Poison Magic
  2791 | D:2      | Found a faded altar of an unknown god.
  2902 | D:2      | Prayed at the altar of an unknown god.
  2902 | D:2      | Became a worshipper of Elyvilon the Healer
  2902 | D:2      | Reached * piety under Elyvilon
  3160 | D:3      | Reached XP level 5. HP: 41/43 MP: 6/6
  3672 | D:3      | Found a broken altar of Ashenzari.
  3745 | D:3      | Found a glowing silver altar of Zin.
  3791 | D:3      | Reached ** piety under Elyvilon
  3835 | D:3      | Found a radiant altar of Vehumet.
  3894 | D:3      | Reached XP level 6. HP: 35/50 MP: 8/8
  4034 | D:3      | Found an ornate altar of the Wu Jian Council.
  4035 | D:3      | Found a hazy altar of Hepliaklqana.
  4352 | D:4      | Found Odiheikhu's Jewellery Boutique.
  4481 | D:4      | Found Enaj's Jewellery Boutique.
  4562 | D:4      | Reached skill level 5 in Fighting
  4562 | D:4      | Reached skill level 5 in Polearms
  4562 | D:4      | Reached skill level 5 in Dodging
  4609 | D:4      | Found a staircase to the Ecumenical Temple.
  4652 | D:4      | Found a sparkling altar of Nemelex Xobeh.
  5116 | D:4      | Reached *** piety under Elyvilon
  5134 | D:4      | Found Counguc's Antique Weapon Emporium.
  5378 | D:4      | Found Temuwad's General Store.
  5396 | D:5      | Entered Level 5 of the Dungeon
  5405 | D:5      | Noticed an ice beast
  5513 | D:5      | Reached XP level 7. HP: 45/56 MP: 10/10
  5686 | D:5      | Reached skill level 9 in Throwing
  6107 | D:5      | Reached XP level 8. HP: 43/63 MP: 12/12
  6247 | D:5      | Reached **** piety under Elyvilon
  6471 | D:5      | Identified the +1 mace of Integrity {freeze, Dex+3}
  6695 | D:6      | Noticed a yak
  6695 | D:6      | Noticed a yak
  6695 | D:6      | Noticed a yak
  6695 | D:6      | Noticed a yak
  6703 | D:6      | Noticed a yak
  6704 | D:6      | Noticed a yak
  6854 | D:6      | Found a hide-covered altar of Uskayaw.
  7818 | D:6      | Killed a yak
  7836 | D:6      | Killed a yak
  8089 | D:6      | Killed a yak
  8090 | D:6      | Reached XP level 9. HP: 57/69 MP: 14/14
  8916 | D:6      | Found a hide-covered altar of Uskayaw.
  9301 | D:7      | Noticed Maggie
  9323 | D:7      | Killed Maggie
  9573 | D:7      | Found a shimmering altar of Xom.
  9623 | D:7      | Reached skill level 5 in Invocations
  9889 | D:6      | Reached XP level 10. HP: 39/77 MP: 17/17
 10453 | D:6      | Reached skill level 5 in Short Blades
 10453 | D:6      | Reached skill level 5 in Long Blades
 10453 | D:6      | Reached skill level 5 in Axes
 10453 | D:6      | Reached skill level 5 in Maces & Flails
 10453 | D:6      | Reached skill level 5 in Staves
 10453 | D:6      | Reached skill level 5 in Slings
 10453 | D:6      | Reached skill level 5 in Bows
 10453 | D:6      | Reached skill level 5 in Crossbows
 10453 | D:6      | Reached skill level 5 in Armour
 10453 | D:6      | Reached skill level 5 in Stealth
 10453 | D:6      | Reached skill level 5 in Shields
 10453 | D:6      | Reached skill level 5 in Unarmed Combat
 10453 | D:6      | Reached skill level 5 in Spellcasting
 10453 | D:6      | Reached skill level 5 in Evocations
 10719 | D:6      | Reached skill level 10 in Throwing
 10783 | D:7      | Reached ***** piety under Elyvilon
 10819 | D:7      | Found Zagesac's Island Escapes.
 12485 | D:7      | Bought a potion of flight for 45 gold pieces
 13923 | D:8      | Noticed a centaur warrior
 13931 | D:8      | Killed a centaur warrior
 13932 | D:8      | Reached XP level 11. HP: 29/84 MP: 19/19
 14569 | D:9      | Reached skill level 5 in Conjurations
 14569 | D:9      | Reached skill level 5 in Hexes
 14569 | D:9      | Reached skill level 5 in Summonings
 14569 | D:9      | Reached skill level 5 in Necromancy
 14569 | D:9      | Reached skill level 5 in Translocations
 14569 | D:9      | Reached skill level 5 in Transmutations
 14569 | D:9      | Reached skill level 5 in Fire Magic
 14569 | D:9      | Reached skill level 5 in Ice Magic
 14569 | D:9      | Reached skill level 5 in Air Magic
 14569 | D:9      | Reached skill level 5 in Earth Magic
 14569 | D:9      | Reached skill level 5 in Poison Magic
 15020 | D:9      | Found a glowing golden altar of the Shining One.
 15603 | D:10     | Entered Level 10 of the Dungeon
 15638 | D:10     | Found a staircase to the Lair.
 16722 | D:10     | Reached ****** piety under Elyvilon
 17061 | D:10     | Noticed a deep elf pyromancer
 17070 | D:10     | Elyvilon protects you from harm!
 17072 | D:10     | Killed a deep elf pyromancer
 17373 | D:10     | Noticed a white ugly thing
 17389 | D:10     | Killed a white ugly thing
 17760 | D:10     | Noticed a centaur warrior
 17769 | D:10     | Killed a centaur warrior
 17825 | D:10     | Reached XP level 12. HP: 67/94 MP: 22/22
 17956 | D:10     | Reached skill level 11 in Throwing
 18037 | D:11     | Noticed a death knight
 18053 | Lair:1   | Entered Level 1 of the Lair of Beasts
 18598 | Lair:1   | Noticed a six-headed hydra
 18610 | Lair:1   | Killed a six-headed hydra
 19540 | Lair:1   | Noticed Gastronok
 19627 | Lair:1   | Killed Gastronok
 19964 | Lair:1   | Noticed a four-headed hydra
 19983 | Lair:1   | Killed a four-headed hydra
 19998 | Lair:1   | HP: 3/94 [blink frog (6)]
 21284 | Lair:2   | Identified the +4 plate armour "Efacaug" {+Blink rC+
                  | Regen+}
 21418 | Lair:2   | Reached XP level 13. HP: 92/101 MP: 18/24
 22144 | Lair:3   | Noticed Sonja
 22194 | Lair:3   | Killed Sonja
 23107 | Lair:3   | Found a staircase to the Shoals.
 23192 | Lair:3   | You fall into a shaft and drop 1 floor!
 23665 | Lair:4   | Reached skill level 12 in Throwing
 23721 | Lair:4   | Found a hole to the Spider Nest.
 24077 | Lair:4   | Noticed Kirke
 24106 | Lair:4   | Reached skill level 10 in Fighting
 24106 | Lair:4   | Reached skill level 10 in Polearms
 24106 | Lair:4   | Reached skill level 10 in Dodging
 24109 | Lair:4   | Reached XP level 14. HP: 106/110 MP: 24/26
 24187 | Lair:4   | Killed Kirke
 25106 | Lair:5   | Identified the +1 helmet "Simmaoq" {Slay+5}
 25854 | Lair:6   | Entered Level 6 of the Lair of Beasts
 25859 | Lair:5   | Reached skill level 10 in Invocations
 26987 | Lair:6   | Found a viscous altar of Jiyva.
 26987 | Lair:6   | Found a staircase to the Slime Pits.
 27164 | Lair:6   | Reached XP level 15. HP: 32/117 MP: 3/28
 27328 | Lair:6   | Identified the +1 robe of Agnosticism {rN+ Stlth+ Archmagi}
 28409 | D:11     | Noticed Snorg
 28419 | D:11     | Killed Snorg
 28474 | D:11     | Found a runed translucent gate.
 28474 | D:11     | Found a runed translucent gate.
 28474 | D:11     | Found a runed translucent gate.
 28534 | D:11     | Found a staircase to the Orcish Mines.
 28853 | D:11     | Noticed Telaeta's ghost (journeyman DsGl)
 28895 | D:11     | Killed Telaeta's ghost
 29012 | D:12     | Reached skill level 10 in Short Blades
 29012 | D:12     | Reached skill level 10 in Long Blades
 29012 | D:12     | Reached skill level 10 in Axes
 29012 | D:12     | Reached skill level 10 in Maces & Flails
 29012 | D:12     | Reached skill level 10 in Staves
 29012 | D:12     | Reached skill level 10 in Slings
 29012 | D:12     | Reached skill level 10 in Bows
 29012 | D:12     | Reached skill level 10 in Crossbows
 29012 | D:12     | Reached skill level 10 in Armour
 29012 | D:12     | Reached skill level 10 in Stealth
 29012 | D:12     | Reached skill level 10 in Shields
 29012 | D:12     | Reached skill level 10 in Unarmed Combat
 29012 | D:12     | Reached skill level 10 in Spellcasting
 29012 | D:12     | Reached skill level 10 in Evocations
 29216 | D:12     | Reached skill level 13 in Throwing
 29222 | D:12     | Found an iron altar of Okawaru.
 29333 | D:12     | Identified the +3 long sword "Anyollen" {elec, rPois Str+6
                  | Dex-3}
 29654 | D:13     | HP: 5/141 [two-headed ogre/+0 giant spiked club (7)]
 29889 | D:13     | Found a frozen archway.
 29898 | IceCv    | Entered an ice cave
 30247 | IceCv    | Noticed a frost giant
 30285 | IceCv    | Killed a frost giant
 30590 | D:13     | Identified the +7 dagger "Nepip" {protect, rPois Dex+4}
 30775 | D:13     | Noticed Josephine
 30791 | D:13     | Killed Josephine
 31144 | D:14     | Found a gate to the Vaults.
 31244 | D:14     | Reached XP level 16. HP: 105/126 MP: 25/30
 31926 | D:14     | Found a shimmering altar of Xom.
 31928 | D:14     | Found an opulent altar of Gozag.
 31928 | D:14     | Found a glowing golden altar of the Shining One.
 31930 | D:14     | Found a basalt altar of Yredelemnul.
 31930 | D:14     | Found a shadowy altar of Dithmenos.
 31930 | D:14     | Found a bloodstained altar of Trog.
 32185 | D:15     | Entered Level 15 of the Dungeon
 32404 | D:15     | Found a staircase to the Depths.
 33314 | D:4      | Bought a ring of willpower for 250 gold pieces
 33506 | Orc:1    | Entered Level 1 of the Orcish Mines
 33576 | Orc:1    | Found a bloodstained altar of Trog.
 33845 | Orc:2    | Entered Level 2 of the Orcish Mines
 33857 | Orc:2    | Found a staircase to the Elven Halls.
 33971 | Orc:2    | Found Ecotoh's CLEARANCE SALE!.
 33994 | Orc:2    | Bought a scroll of amnesia for 17 gold pieces
 34339 | Orc:2    | Found Noputsoe's Antique Armour Shoppe.
 34341 | Orc:2    | Found Zeuphuq's Antique Weapon Shoppe.
 34350 | Orc:2    | Found Erghiegh's Book Shoppe.
 34491 | Orc:2    | Found Wecwokh's General Store.
 34861 | Orc:1    | Noticed Urug
 34873 | Orc:1    | Killed Urug
 35383 | Spider:1 | Entered Level 1 of the Spider Nest
 35425 | Lair:4   | HP: 3/127 [emperor scorpion (8)]
 36210 | Spider:1 | HP: 3/158 [tarantella (10)]
 36691 | Spider:1 | Reached XP level 17. HP: 133/133 MP: 32/32
 36869 | Spider:1 | Reached skill level 14 in Throwing
 39487 | Spider:3 | Reached skill level 10 in Conjurations
 39487 | Spider:3 | Reached skill level 10 in Hexes
 39487 | Spider:3 | Reached skill level 10 in Summonings
 39487 | Spider:3 | Reached skill level 10 in Necromancy
 39487 | Spider:3 | Reached skill level 10 in Translocations
 39487 | Spider:3 | Reached skill level 10 in Transmutations
 39487 | Spider:3 | Reached skill level 10 in Fire Magic
 39487 | Spider:3 | Reached skill level 10 in Ice Magic
 39487 | Spider:3 | Reached skill level 10 in Air Magic
 39487 | Spider:3 | Reached skill level 10 in Earth Magic
 39487 | Spider:3 | Reached skill level 10 in Poison Magic
 39783 | Spider:4 | Entered Level 4 of the Spider Nest
 41278 | Spider:4 | Reached XP level 18. HP: 23/141 MP: 1/34
 41662 | Spider:4 | HP: 8/184 [something (8)]
 41662 | Spider:4 | HP: 2/184 [something (6)]
 41662 | Spider:4 | Elyvilon protects you from harm!
 41662 | Spider:4 | Elyvilon protects you from harm!
 41665 | Spider:4 | Slain by a ghost moth

Illustrated notes

Levels and vault maps discovered:
D:1:      sevenhm_arrival_forest_fort_large_2, layout_loops_cross
D:2:      layout_loops_corners, nicolae_ecumenical_snake_handling, uniq_terence
D:3:      layout_rooms, nicolae_overflow_hidden_temple, evilmike_ruin_ashenzari,
          nicolae_overflow_crystal_walls
D:4:      layout_basic, kennysheep_mini_moat, minmay_temple_entry_overgrown,
          serial_shops, shop, nicolae_shop_window_shopping, shop,
          nicolae_shop_hallway_stairs
D:5:      layout_basic, minmay_misc_feat_more_columns
D:6:      layout_basic, mainiacjoe_overflow_brackets
D:7:      layout_loops_cross, kennysheep_flooded_box, grunt_ministairs_1,
          minmay_misc_feat_square, nicolae_island_escapes, uniq_maggie
D:8:      layout_rooms, minmay_small_thing
D:9:      layout_cave_pods, mainiacjoe_overflow_chevrons
D:10:     layout_roguey [special_room_orc], david_lair_generic,
          dilly_guarded_unrand_elemental_staff
D:11:     layout_roguey, orc_0_dummy, gammafunk_ghost_necromancy,
          hangedman_decor_lopped, uniq_snorg
D:12:     layout_roguey, okawaru_gym_becter
D:13:     layout_big_octagon, portal_ice_cave_rime, amethyst_killhole,
          kennysheep_generic_room_4, uniq_josephine
D:14:     layout_roguey, lightli_vaults_fourway_checkpoint, doesnt_xom_only_xom,
          minmay_diamond_spiral
D:15:     hangedman_depths_entry_civil_slaughter, layout_long_grid
Lair:1:   layout_roguey, beast_lair_carwin_3, grunt_megastairs_5, uniq_gastronok
Lair:2:   layout_long_grid, chequers_serial_rivers_micro_c, beast_lair_carwin_8
Lair:3:   nzn_winding_woodlands_three_and_one
          [nzn_winding_woodlands_5x15_sidewinder,
          nzn_winding_woodlands_5x15_lazy_stream,
          nzn_winding_woodlands_5x15_pockets,
          nzn_winding_woodlands_center_garden], layout_cave_shapes,
          elwin_shoals_entry_rocks, st_stairs_8, cheibrodos_lair_caveside_slide,
          serial_bayou_shore_b, uniq_sonja
Lair:4:   layout_long_grid, hellmonk_spider_entry_not_the_bees, serial_rivers,
          chequers_serial_rivers_small_3, chequers_serial_rivers_small_b,
          chequers_serial_rivers_large_a, chequers_serial_rivers_micro_c,
          chequers_serial_rivers_room_a, chequers_serial_rivers_micro_d,
          beast_lair_carwin_4, uniq_kirke
Lair:5:   layout_loops_ring
Lair:6:   evilmike_catoblepas_cave, layout_long_grid,
          dpeg_slime_entry_enclosed_altar
Spider:1: layout_spider_delve
Spider:2: layout_spider_delve
Spider:3: layout_spider_delve, guppyfry_spider_mini_3
Spider:4: spider_rune_water
Orc:1:    layout_caves, trog_butcher_becter, uniq_urug
Orc:2:    grunt_orc_cross, layout_caves, nicolae_shop_clearance

Skill      XL: |  1  2  3  4  5  6  7  8  9 10 11 12 13 14 15 16 17 |
---------------+----------------------------------------------------+-----
Invocations    | 1 2 3 4 5 6 7 8 9 10 11 12 13 | 13.1
Short Blades   | 1 2 3 4 5 6 7 8 9 10 11 12 | 12.1
Long Blades    | 1 2 3 4 5 6 7 8 9 10 11 12 | 12.1
Axes           | 1 2 3 4 5 6 7 8 9 10 11 12 | 12.1
Maces & Flails | 1 2 3 4 5 6 7 8 9 10 11 12 | 12.1
Staves         | 1 2 3 4 5 6 7 8 9 10 11 12 | 12.1
Slings         | 1 2 3 4 5 6 7 8 9 10 11 12 | 12.1
Bows           | 1 2 3 4 5 6 7 8 9 10 11 12 | 12.1
Crossbows      | 1 2 3 4 5 6 7 8 9 10 11 12 | 12.1
Armour         | 1 2 3 4 5 6 7 8 9 10 11 12 | 12.1
Stealth        | 1 2 3 4 5 6 7 8 9 10 11 12 | 12.1
Shields        | 1 2 3 4 5 6 7 8 9 10 11 12 | 12.1
Unarmed Combat | 1 2 3 4 5 6 7 8 9 10 11 12 | 12.1
Spellcasting   | 1 2 3 4 5 6 7 8 9 10 11 12 | 12.1
Evocations     | 1 2 3 4 5 6 7 8 9 10 11 12 | 12.1
Conjurations   | 1 2 3 4 5 6 7 8 9 10 | 10.2
Hexes          | 1 2 3 4 5 6 7 8 9 10 | 10.2
Summonings     | 1 2 3 4 5 6 7 8 9 10 | 10.2
Necromancy     | 1 2 3 4 5 6 7 8 9 10 | 10.2
Translocations | 1 2 3 4 5 6 7 8 9 10 | 10.2
Transmutations | 1 2 3 4 5 6 7 8 9 10 | 10.2
Fire Magic     | 1 2 3 4 5 6 7 8 9 10 | 10.2
Ice Magic      | 1 2 3 4 5 6 7 8 9 10 | 10.2
Air Magic      | 1 2 3 4 5 6 7 8 9 10 | 10.2
Earth Magic    | 1 2 3 4 5 6 7 8 9 10 | 10.2
Poison Magic   | 1 2 3 4 5 6 7 8 9 10 | 10.2
Fighting       | 5 6 7 8 9 10 11 12 | 12.9
Polearms       | 5 6 7 8 9 10 11 12 | 12.9
Dodging        | 5 6 7 8 9 10 11 12 | 12.9
Throwing       | 9 10 11 12 13 14 | 14.5

Action                   |  1- 3 |  4- 6 |  7- 9 | 10-12 | 13-15 | 16-18 || total
-------------------------+-------+-------+-------+-------+-------+-------++-------
Melee: Dagger            |   129 |   242 |   341 |    94 |       |       ||   806
       Bite              |    11 |    16 |    38 |   153 |   264 |   248 ||   730
       Punch             |     1 |     4 |     2 |       |       |       ||     7
       Long sword        |       |       |       |   517 |       |       ||   517
       Staff             |       |       |       |   389 |  1407 |  1415 ||  3211
Throw: Dart              |     3 |     6 |     3 |    12 |       |       ||    24
Invok: Heal Self         |       |       |       |       |     2 |     3 ||     5
       Divine Vigour     |       |       |       |       |     1 |     2 ||     3
       Purification      |       |       |       |       |       |     7 ||     7
Evoke: Wand              |       |       |       |       |       |     1 ||     1
  Use: Scroll            |       |     1 |     1 |    14 |     8 |     7 ||    31
       Potion            |       |       |       |     3 |     1 |     5 ||     9
 Stab: Distracted        |       |       |       |     1 |       |       ||     1
       Petrified         |       |       |       |       |    28 |       ||    28
       Petrifying        |       |       |       |       |     1 |       ||     1
Armor: Plate armour      |    93 |       |       |    32 |   814 |   978 ||  1917
       Chain mail        |       |   145 |    97 |   370 |       |       ||   612
       Acid dragon scale |       |       |       |     3 |       |       ||     3
Dodge: Dodged            |    26 |    79 |    62 |   292 |   457 |   448 ||  1364
Block: Other             |       |       |    13 |       |       |       ||    13
       Kite shield       |       |       |   136 |   792 |   790 |  1290 ||  3008
       Reflection        |       |       |     3 |     9 |       |     9 ||    21
